Map: Ruins of Seras

Players

Ravvy

  • Race: Zerg Zerg
  • League: Platinum

Ross - Winner!

  • Race: Terran Terran
  • League: Platinum

VOD

Have the link to the VOD?

Description

Time

  • Played on: Oct. 30, 2015, 3:48 p.m.
  • Length: 24:39
Show
View Real Time Build Order
Export as new Build Order

Ravvy Zerg 

Build Orders: Hatch First, Lurkers 

Get SALT Encoding   

  12  0:01  Drone  
  13  0:08  Drone  
  14  0:19  Extractor  
  14  0:20  Drone  
  14  0:22  Drone, Extractor  
  14  0:27  Overlord  
  16  0:54  Hatchery, Drone  
  16  0:59  Drone  
  17  1:13  Spawning Pool  
  17  1:16  Drone  
  17  1:19  Drone  
  18  1:46  Hatchery, Drone  
  18  1:48  Drone  
  18  1:52  Drone  
  20  2:01  Queen  
  22  2:10  Queen  
  22  2:14  Drone  
  25  2:20  Overlord  
  25  2:29  Drone x3  
  28  2:43  Zergling x2  
  29  2:46  Queen  
  31  2:53  Drone x2  
  31  2:54  Drone  
  31  2:55  Overlord  
  31  2:57  Zergling x2  
  35  3:04  Queen  
  37  3:09  Extractor x2  
  37  3:10  Drone  
  37  3:11  Drone  
  36  3:14  Drone  
  37  3:21  Drone x3  
  37  3:23  Drone  
  41  3:36  Drone  
  41  3:37  Drone x5  
  41  3:41  Overlord  
  47  3:54  Queen  
  49  3:59  Roach Warren  
  49  4:00  Drone  
  49  4:01  Evolution Chamber  
  49  4:02  Drone  
  49  4:04  Drone  
  50  4:16  Drone  
  52  4:17  Drone x4, Overlord  
  55  4:28  Zerg Missile Weapons Level 1, Lair  
  55  4:30  Drone x2  
  57  4:32  Extractor  
  57  4:33  Drone, Extractor  
  57  4:34  Drone  
  57  4:35  Drone  
  58  4:39  Overlord  
  58  4:42  Overlord  
  58  4:59  Roach x8  
  74  5:02  Drone  
  74  5:03  Drone  
  74  5:04  Drone  
  74  5:05  Drone  
  78  5:15  Overlord x3  
  78  5:36  Ravager  
  78  5:37  Ravager x2  
  78  5:39  Drone  
  78  5:40  Drone x5  
  87  5:42  Extractor  
  87  5:43  Extractor  
  87  5:49  Drone x3  
  88  5:50  Drone, Overlord x2  
  88  5:55  Ravager x2  
  88  5:56  Hatchery, Roach  
  91  5:57  Zergling x2  
  91  5:58  Zergling x6  
  95  6:08  Roach  
  95  6:09  Roach x3  
  103  6:19  Roach x4  
  103  6:20  Roach  
  113  6:31  Overlord x3  
  112  6:42  Ravager  
  113  6:52  Roach x8  
  129  6:58  Spore Crawler  
  125  7:18  Ravager x5  
  125  7:19  Ravager  
  129  7:23  Drone x3  
  129  7:24  Drone x3  
  132  7:41  Overlord  
  132  7:46  Drone x2  
  132  7:47  Drone  
  132  7:48  Drone x5, Hydralisk Den  
  139  7:53  Queen  
  139  7:54  Overlord x4  
  141  8:06  Roach  
  141  8:07  Ravager, Roach x4  
  152  8:18  Glial Reconstitution  
  152  8:23  Hydralisk x8  
  168  8:30  Drone  
  169  8:35  Drone  
  169  8:36  Drone x2  
  172  8:50  Roach x2  
  172  8:51  Roach x3  
  170  9:24  Drone  
  170  9:25  Drone x5  
  165  9:57  Roach  
  165  9:58  Roach x8  
  183  10:00  Ravager  
  127  10:31  Overseer x2  
  121  10:55  Drone x2  
  121  10:56  Drone  
  124  10:57  Extractor  
  124  10:58  Drone x2  
  124  10:59  Drone x3  
  124  11:01  Extractor  
  124  11:02  Hydralisk x4  
  135  11:07  Lurker Den  
  110  11:36  Hydralisk x5, Roach  
  110  11:37  Hydralisk x9  
  140  11:46  Queen  
  142  11:51  Zerg Missile Weapons Level 2  
  142  11:54  Evolution Chamber  
  142  11:56  Spore Crawler  
  142  11:58  Spore Crawler  
  139  12:04  Roach x8  
  155  12:12  Extractor  
  155  12:13  Drone  
  155  12:14  Drone x3  
  158  12:19  Drone  
  158  12:20  Drone  
  158  12:42  Lurker x2  
  150  13:00  Drone x4  
  150  13:01  Drone x3  
  139  13:54  Roach  
  139  13:55  Roach x9  
  122  14:18  Lurker  
  122  14:19  Lurker x4  
  122  14:20  Lurker  
  122  14:21  Lurker, Roach  
  122  14:22  Roach x6  
  138  14:43  Roach x3  
  119  15:45  Roach  
  119  15:46  Roach x7  
  119  15:47  Ravager  
  136  15:56  Extractor  
  132  16:09  Infestation Pit  
  125  16:31  Roach x5  
  125  16:32  Overlord x4  
  135  16:35  Ravager  
  136  16:41  Spore Crawler  
  136  16:42  Muscular Augments  
  136  16:46  Lurker  
  97  17:05  Hydralisk x3, Roach x2  
  97  17:06  Hydralisk x8, Roach  
  123  17:09  Ravager  
  123  17:10  Ravager x4  
  105  17:29  Roach x8  
  93  17:56  Overseer x3  
  93  17:57  Overseer x2, Roach  
  93  17:58  Roach x7  
  107  18:06  Drone  
  107  18:07  Drone x3  
  101  18:38  Drone x3  
  101  18:39  Drone x4  
  101  18:40  Extractor, Queen  
  109  18:44  Zerg Ground Armor Level 1  
  109  18:45  Hive  
  109  18:48  Hydralisk x3  
  111  18:50  Lurker  
  116  18:57  Drone x2  
  118  19:07  Hatchery  
  115  19:36  Roach  
  115  19:37  Roach x19  
  112  20:00  Ravager x3  
  112  20:01  Ravager  
  106  20:26  Ravager  
  106  20:27  Ravager x3  
  112  20:28  Roach  
  112  20:29  Roach x2  
  112  20:34  Drone  
  112  20:35  Drone x4  
  121  20:54  Ravager  
  121  20:55  Extractor  
  121  20:56  Extractor  
  120  21:07  Spine Crawler  
  119  21:18  Ultralisk Cavern, Roach x6  
  125  21:19  Roach x2  
  125  21:20  Roach  
  136  21:29  Roach  
  136  21:30  Roach x3  
  144  21:38  Hatchery  
  138  21:55  Roach  
  138  21:56  Roach x10  
  124  22:09  Roach x7  
  124  22:10  Roach  
  119  22:18  Roach  
  119  22:19  Roach  
  119  22:20  Roach  
  123  22:26  Overlord  
  82  22:53  Roach  
  82  22:54  Roach x10  
  102  23:09  Roach  
  88  23:23  Roach  
  88  23:24  Roach x7  
  79  23:50  Drone x3  
  79  23:51  Drone x3  
  79  23:54  Ravager x4  
  89  24:02  Ravager  
Show
View Real Time Build Order
Export as new Build Order

Ross Terran - Winner!

Build Orders: Command Center First (CC), MMM Bio 

Get SALT Encoding   

  12  0:01  SCV  
  13  0:13  SCV  
  14  0:18  Supply Depot  
  14  0:25  SCV  
  15  0:40  SCV  
  16  0:52  SCV  
  17  1:04  Command Center  
  17  1:06  SCV  
  18  1:16  Barracks  
  18  1:20  SCV  
  18  1:25  Refinery  
  19  1:32  SCV  
  20  1:44  SCV  
  21  2:03  Orbital Command  
  21  2:06  Marine  
  22  2:16  Barracks  
  22  2:17  Barracks  
  22  2:19  Orbital Command  
  22  2:23  Marine  
  23  2:31  Bunker  
  23  2:42  SCV  
  24  2:45  SCV  
  25  2:54  SCV  
  25  2:57  SCV, Barracks Reactor  
  27  3:02  Supply Depot  
  27  3:06  SCV  
  27  3:07  Factory  
  27  3:09  SCV  
  27  3:10  Barracks Tech Lab, Refinery  
  29  3:12  Barracks Reactor  
  29  3:18  SCV  
  30  3:21  SCV  
  31  3:27  Supply Depot  
  31  3:30  SCV  
  31  3:32  Marine  
  31  3:33  SCV  
  34  3:42  SCV  
  34  3:44  Stimpack, Marine  
  34  3:45  Marine  
  34  3:46  SCV  
  38  3:49  Marine  
  38  3:50  Marine  
  38  3:52  Marauder  
  38  3:54  SCV  
  43  3:58  SCV  
  43  3:59  Supply Depot  
  44  4:06  Starport  
  44  4:10  SCV x2, Marine x3  
  44  4:11  Marine  
  44  4:13  Marine  
  51  4:22  Supply Depot, SCV x2  
  51  4:23  Factory Reactor  
  53  4:31  Marine x3  
  55  4:32  Marauder, Marine  
  55  4:34  SCV x2  
  61  4:39  Supply Depot  
  61  4:40  Supply Depot  
  61  4:46  SCV x2  
  61  4:51  Marine  
  61  4:52  Marine x3  
  67  4:56  Marauder  
  67  4:58  SCV  
  70  5:01  SCV  
  70  5:06  Medivac x2  
  75  5:10  SCV  
  75  5:11  Marine x4  
  75  5:12  Factory Reactor  
  75  5:13  SCV  
  81  5:19  Marauder  
  83  5:23  SCV, Supply Depot  
  83  5:24  Supply Depot  
  83  5:25  SCV  
  83  5:28  Engineering Bay x2  
  85  5:32  Marine  
  86  5:44  SCV x2, Medivac, Marine x4  
  86  5:46  Supply Depot  
  94  5:53  Refinery  
  94  5:56  SCV x2, Refinery  
  96  5:58  Marine  
  96  6:00  Command Center  
  96  6:02  Marine  
  98  6:08  SCV  
  98  6:09  SCV  
  98  6:10  Combat Shields  
  100  6:12  Barracks  
  100  6:15  Barracks  
  100  6:19  Marine x4  
  100  6:20  Marine  
  100  6:22  Medivac, Widow Mine  
  108  6:29  Medivac  
  110  6:38  Supply Depot, Marine x2  
  110  6:43  Supply Depot  
  110  7:00  Marine x3  
  108  7:18  Marauder  
  108  7:19  Marine x3  
  108  7:20  Marine  
  108  7:23  Barracks Reactor, Barracks Tech Lab  
  108  7:24  Medivac x2, Widow Mine  
  108  7:39  Marauder  
  108  7:40  Marine x2  
  110  7:44  Terran Infantry Weapons Level 1  
  110  7:51  Orbital Command  
  110  7:52  SCV x2  
  110  7:57  Marauder, Marine x2  
  116  8:01  Marauder, Widow Mine x2  
  116  8:04  SCV  
  123  8:11  Barracks, Marine x4  
  123  8:12  Barracks  
  127  8:13  Barracks  
  127  8:14  Marine  
  127  8:15  Barracks  
  127  8:16  Barracks  
  127  8:17  Marine  
  127  8:18  Medivac  
  127  8:19  Marauder  
  129  8:22  Marauder  
  129  8:26  SCV x3  
  134  8:28  Marine  
  134  8:29  Marine x2  
  137  8:36  Marine x2  
  137  8:38  Marine  
  140  8:46  Supply Depot, Marine  
  140  8:58  Marine  
  141  9:06  Marine  
  141  9:07  Medivac, Marine x2  
  141  9:08  Widow Mine x2, Marauder x2  
  145  9:15  Marine x2  
  142  9:21  Terran Infantry Armor Level 1  
  142  9:23  Marine x2  
  144  9:24  Supply Depot, Marine  
  144  9:25  Marine  
  144  9:27  Supply Depot  
  144  9:28  Armory  
  144  9:29  Marauder  
  148  9:33  Supply Depot  
  148  9:37  Marauder  
  149  9:41  Widow Mine  
  149  9:44  Barracks Tech Lab  
  149  9:46  Marine x2  
  149  9:48  Marine  
  149  9:49  Marine x2  
  149  9:50  Marauder  
  156  9:58  Marauder  
  156  10:01  Marine x3  
  156  10:12  Marauder  
  153  10:14  Marine  
  153  10:15  Marine x7  
  153  10:19  Marauder, Marine x3  
  161  10:28  Medivac x2, Widow Mine  
  140  10:32  Marine x2  
  140  10:33  Marauder, Marine x3  
  140  10:34  Marine x2  
  141  10:40  Marine x2  
  141  10:41  Marauder  
  135  10:54  Marauder  
  135  10:56  Refinery, Terran Infantry Weapons Level 2  
  133  10:57  Refinery  
  133  10:58  Concussive Shells, Marine x2  
  133  10:59  Barracks Reactor, Barracks Tech Lab, Marine  
  133  11:00  Barracks Reactor, Marine x3  
  133  11:02  Marauder  
  140  11:18  Command Center  
  140  11:23  Marine  
  140  11:24  Marine x6  
  145  11:26  Marauder x4  
  140  11:41  Marine x2  
  140  11:42  Marine x3  
  140  11:43  Marine x3  
  148  11:47  Marauder x3  
  148  11:48  Marauder  
  156  12:09  Marauder x4  
  156  12:12  Marine x6  
  156  12:14  Medivac  
  172  12:21  Supply Depot x2  
  172  12:22  Supply Depot, SCV  
  173  12:29  Widow Mine x2  
  172  12:30  Marauder, Medivac  
  172  12:35  Marine  
  172  12:36  Marine x5  
  184  12:43  Marine x2  
  186  12:46  Marine x2  
  185  12:59  Marine x5  
  190  13:06  Marine x2  
  185  13:20  Marine x2  
  185  13:21  Marine, Marauder x2  
  189  13:40  Marine x2  
  185  13:42  Marine x2  
  185  13:44  Widow Mine x2  
  185  13:47  Marine  
  192  13:49  Factory  
  141  14:04  Marine x3  
  141  14:05  Marauder, Marine x2  
  146  14:16  Marauder, Marine x2  
  146  14:17  Marauder  
  139  14:26  Planetary Fortress  
  139  14:27  SCV  
  137  14:34  Marine  
  137  14:35  Marine  
  137  14:36  Marine  
  137  14:38  Factory Tech Lab  
  140  14:44  Marine  
  136  14:53  Terran Infantry Weapons Level 3, Terran Infantry Armor Level 2  
  136  14:54  Marine x4  
  136  14:55  Marauder  
  136  14:58  Marine x2  
  136  14:59  Marine x3  
  147  15:02  Marine  
  147  15:03  Marine  
  149  15:07  Marine  
  149  15:08  Medivac, Marine  
  149  15:09  Siege Tank  
  149  15:14  Marine x2  
  158  15:25  Marine x2  
  158  15:26  Refinery, Widow Mine x2  
  158  15:27  Marine, Medivac  
  158  15:28  Marine  
  168  15:30  Refinery  
  159  15:38  Medivac  
  159  15:42  Marine x2  
  156  15:43  Marauder x2, Marine x7  
  156  15:48  Siege Tank  
  165  15:53  Marine x3  
  165  15:54  Marauder  
  170  16:02  Marine  
  170  16:03  Marine x3  
  174  16:05  Marine, Marauder x2  
  179  16:12  Marauder  
  174  16:25  Marine x3  
  168  16:26  Marine  
  168  16:32  Siege Tank  
  138  17:03  Marine x6  
  138  17:04  Siege Tank, Marauder x4  
  146  17:25  Marauder  
  146  17:26  Marauder  
  146  17:27  Marine x2  
  146  17:28  Marine  
  141  17:32  Marine x4  
  141  17:33  Marauder x2  
  132  17:44  Marine x2  
  132  17:45  Marine  
  135  17:52  Marine  
  135  17:53  Marine  
  135  17:55  Siege Tank  
  135  17:56  Marine x5  
  135  17:57  Marauder x2  
  146  18:05  Marine  
  146  18:08  Widow Mine x2, Medivac x2  
  147  18:18  Marine  
  148  18:27  Siege Tank, Marine x2  
  146  18:28  Marine x3, Marauder x4  
  141  18:47  Terran Infantry Armor Level 3  
  141  18:55  Marine x2  
  142  18:58  Marine x2  
  142  18:59  Siege Tank, Widow Mine  
  142  19:00  Medivac, Widow Mine  
  154  19:06  Factory  
  154  19:20  Marine  
  154  19:21  Marauder x2, Marine  
  160  19:27  Barracks Tech Lab  
  160  19:31  Siege Tank  
  152  19:49  Marine  
  152  19:50  Marine  
  147  19:59  Marine  
  130  20:00  Marauder x3  
  130  20:02  Orbital Command  
  130  20:19  Marine x6  
  130  20:20  Marine x2, Marauder x2  
  129  20:21  Marauder x3  
  129  20:27  Marine x2  
  128  20:32  Siege Tank, Widow Mine  
  128  20:33  Medivac, Widow Mine  
  128  20:34  Medivac  
  139  20:37  Marine x5  
  139  20:42  Marauder x3  
  150  20:46  Marine x3  
  152  20:52  Marine x2  
  152  20:55  Factory Tech Lab  
  154  21:09  Marauder, Marine x2  
  154  21:10  Marauder  
  160  21:16  Marine  
  160  21:17  Marauder  
  163  21:19  Marine x2  
  165  21:28  Marine  
  165  21:29  Marauder, Marine  
  169  21:35  Marine x2  
  169  21:36  Marine  
  167  21:50  Marine x2  
  167  21:51  Marauder x2, Marine  
  174  21:59  Marine  
  174  22:00  Marauder, Marine  
  178  22:07  Marine x2  
  167  22:15  Marine x2  
  148  22:16  Marine x2  
  152  22:24  Marine x3  
  153  22:33  Marine  
  153  22:34  Marine x5  
  146  22:41  Marine x2  
  146  22:44  Marine x2  
  137  22:51  Marine x3  
  128  23:02  Marine x2  
  128  23:03  Marine x2  
  132  23:05  Marine x2  
  132  23:06  Marine  
  128  23:16  Marine  
  128  23:17  Marine x3  
  124  23:21  Marine  
  124  23:22  Marine x2  
  124  23:26  Marine x2  
  121  23:29  Factory Tech Lab  
  117  23:39  Barracks Tech Lab, Marine x3  
  117  23:41  Marine x2  
  120  23:43  Marine  
  120  23:44  Marine  
  124  23:50  Marine x2  
  124  23:51  Marine  
  124  23:53  Marine x2  
  129  23:55  Siege Tank  
Tags
 
Add a new tag
Caveats
  • Supply blocks, unpowered buildings, or Contaminate may cause inaccurate times.
  • Supply counts are checked every 10 seconds.